 Dungeon Crawl Stone Soup version 0.31-a0-210-gccc998df9b (webtiles) character file.

Game seed: 11665218058140672876

4454 qw the Skirmisher (level 10, -2/64 HPs)
             Began as a Gargoyle Hexslinger on June 30, 2023.
             Was a Believer of Okawaru.
             Shot with an arrow by a centaur warrior (12 damage)
             ... on level 8 of the Dungeon.
             The game lasted 00:03:20 (7550 turns).

qw the Skirmisher (Gargoyle Hexslinger)             Turns: 7550, Time: 00:03:20

Health: -2/64      AC: 16    Str: 11    XL:     10   Next: 37%
Magic:  11/13      EV: 20    Int: 15    God:    Okawaru [**....]
Gold:   480        SH:  0    Dex: 16    Spells: 10/11 levels left

rFire   + . .        Y - +0 arbalest
rCold   . . .        (shield currently unavailable)
rNeg    + . .        b - +0 troll leather armour
rPois   inf          (no helmet)
rElec   +            (no cloak)
rCorr   .            k - +0 pair of gloves
SInv    .            h - +1 pair of boots
Will    .....        (no amulet)
Stlth   +++          a - +5 ring of evasion
HPRegen 1.10/turn    m - ring of protection from fire
MPRegen 0.13/turn

%: no passive effects
@: about to teleport, heroic
A: sickness immunity, AC +7, negative energy resistance 1, electricity
resistance, torment resistance 1, petrification resistance
a: Renounce Religion, Heroism


You were on level 8 of the Dungeon.
You worshipped Okawaru.
Okawaru was pleased with you.
You visited 1 branch of the dungeon, and saw 8 of its levels.

You collected 480 gold pieces.


Innate Abilities, Weirdness & Mutations

You are immune to sickness and miasma.
Your stone body is resilient. (AC +7)
You are immune to poison.
You resist negative energy. (rN+)
You are resistant to electric shocks. (rElec)
You are resistant to unholy torment.
You are immune to petrification.


   Skills:
 - Level 8.3(13.3) Fighting
 + Level 11.3(16.3) Ranged Weapons
 - Level 3.6(8.6) Armour
 - Level 3.0(8.0) Dodging
 - Level 1.0 Spellcasting
 - Level 2.6 Hexes
 - Level 4.2 Invocations


You had 10 spell levels left.
You knew the following spells:

 Your Spells              Type           Power      Damage    Failure   Level
a - Slow                  Hex            32%        N/A       10%         1

Your spell library contained the following spells:

 Spells                   Type           Power      Damage    Failure   Level
 Inner Flame              Hex/Fire       4%         N/A       45%         3
 Portal Projectile        Hex/Tloc       8%         N/A       45%         3
 Cause Fear               Hex            4%         N/A       69%         4

Inventory:

Hand Weapons
 Y - a +0 arbalest (weapon)
Armour
 b - a +0 troll leather armour (worn)
 g - a +3 leather armour of fire resistance
 h - a +1 pair of boots (worn)
 k - a +0 pair of gloves (worn)
Jewellery
 a - a +5 ring of evasion (left hand)
 e - a ring of protection from cold
 m - a ring of protection from fire (right hand)
 p - a ring of willpower
Scrolls
 j - a scroll of identify
 o - 2 scrolls of teleportation
Potions
 c - a potion of mutation
 d - a potion of might
 i - 3 potions of curing
 l - a potion of enlightenment {unknown}
 q - a potion of attraction {unknown}

Dungeon Overview and Level Annotations

Branches:
Dungeon (8/15)             Temple (0/1) D:5
   Lair: D:8-11

Altars:
Ashenzari
Okawaru
Ru
Xom
Yredelemnul

Annotations:
D:4 2 transporters, qw's ghost, amateur DEHu
D:6 1 runed translucent door, Crazy Yiuf


Message History

You start resting.
Something barely misses you. Something hits you but does no damage.
Deactivating autopickup; reactivate with Ctrl-A.
Autopickup is now on.
You start resting.
HP restored.
Something completely misses you. Something hits you but does no damage.
Deactivating autopickup; reactivate with Ctrl-A.
Enter note: You shoot a bolt.
Something hits you.
You shoot a bolt. Something hits you but does no damage.
A centaur warrior comes into view.
You shoot a bolt. The centaur warrior shouts!
The bolt hits the centaur warrior!
The centaur warrior is moderately wounded.
Something hits you but does no damage.
The centaur warrior wields a +0 shortbow.
The centaur warrior shoots an arrow.
The arrow completely misses you. Something hits you.
The centaur warrior shoots an arrow.
The arrow hits you!
You shoot a bolt. Okawaru accepts your kill.
Okawaru will now gift you throwing weapons as you gain piety.
Reactivating autopickup.
You feel a bit more experienced.
The centaur warrior shoots an arrow.
The arrow hits you!!
The centaur warrior shoots an arrow.
The arrow hits you!
7549 ||| INVOKING Heroism.
You gain the combat prowess of a mighty hero.
Okawaru will no longer gift you throwing weapons.
The centaur warrior shoots an arrow.
The arrow misses you.
The centaur warrior shoots an arrow.
The arrow hits you!
7550 ||| READING 3 scrolls of teleportation.
As you read the scroll of teleportation, it crumbles to dust.
You feel strangely unstable.
The centaur warrior shoots an arrow.
The arrow hits you!
You die...

#########
######........
##......#......
#.%......?.....
#.)############
#.#@..# #.#)#.#
#.### .. #. .c.
## ###


You could see a centaur warrior.

Vanquished Creatures
  Pikel (D:7)
  An unseen horror (D:8)
  A komodo dragon (D:8)
  A hornet (D:8)
  A troll (D:6)
  Sigmund (D:3)
  A steam dragon (D:8)
  A vampire mosquito (D:8)
  A water moccasin (D:5)
  A sky beast (D:7)
  3 black bears
  An ogre (D:4)
  3 centaurs
  3 phantoms
  Blork the orc (D:5)
  4 bullfrogs
  A scorpion (D:6)
  5 wights (D:7)
  A jelly (D:7)
  3 orc priests
  4 hounds
  5 iguanas
  3 sleepcaps
  7 orc wizards
  4 gnolls (D:5)
  10 adders
  A shadow imp (D:8)
  A white imp (D:8)
  4 ufetubi
  A worm (D:3)
  A dart slug (D:2)
  38 orcs
  4 ball pythons
  2 endoplasms
  3 giant cockroaches
  6 goblins
  19 hobgoblins
  6 jackals
  2 bats (D:1)
  3 frilled lizards (D:1)
  8 kobolds
  A rat (D:1)
168 creatures vanquished.

Notes
Turn   | Place    | Note
-------+----------+-------------------------------------------
     0 | D:1      | qw the Gargoyle Hexslinger began the quest for the Orb.
     0 | D:1      | Reached XP level 1. HP: 12/12 MP: 2/2
     0 | D:1      | 0 ||| qw: Version: 0.3-a-24-ga2abf7b
     0 | D:1      | 0 ||| qw: Game counter: 7125
     0 | D:1      | 0 ||| qw: Melee chars always use a shield: true
     0 | D:1      | 0 ||| qw: God list: Okawaru
     0 | D:1      | 0 ||| qw: Allow faded altars: false
     0 | D:1      | 0 ||| qw: Do Orc after clearing Dungeon:15 true
     0 | D:1      | 0 ||| qw: Do second Lair branch before Depths: true
     0 | D:1      | 0 ||| qw: Lair rune preference: random
     0 | D:1      | 0 ||| qw: Goals: Normal
     0 | D:1      | 0 ||| PLANNING D:1-11
   248 | D:1      | Reached XP level 2. HP: 13/16 MP: 3/3
   416 | D:1      | Found Orphe's Weapon Shop.
   447 | D:1      | Reached skill level 3 in Ranged Weapons
   842 | D:1      | 842 ||| UPGRADING to +0 ring mail.
   852 | D:1      | 852 ||| DROPPING +0 robe.
   853 | D:1      | 853 ||| UPGRADING to +0 pair of gloves.
   858 | D:1      | 858 ||| READING scroll labelled ROIDGH NOEKOINICK.
   859 | D:1      | 859 ||| READING 3 scrolls labelled HAYRGHE YHOEWK.
   860 | D:1      | 860 ||| READING 2 scrolls of identify.
   860 | D:1      | 860 ||| IDENTIFYING coppery potion
   861 | D:1      | 861 ||| DROPPING scroll of poison.
   929 | D:2      | 929 ||| FLEEEEING.
   932 | D:2      | 932 ||| FLEEEEING.
   933 | D:2      | 933 ||| FLEEEEING.
   934 | D:2      | 934 ||| STAIRDANCE
   955 | D:2      | 955 ||| STAIRDANCE
  1005 | D:2      | Reached XP level 3. HP: 18/21 MP: 4/4
  1254 | D:2      | Identified the +2 dagger "Jaff" {pain, Drain Int+4 Dex+2}
  1374 | D:2      | Reached skill level 1 in Armour
  1444 | D:2      | Found an iron altar of Okawaru.
  1445 | D:2      | 1445 ||| PLANNING OKAWARU WORSHIP
  1445 | D:2      | 1445 ||| READING scroll labelled DEIXEI GATAPP.
  1446 | D:2      | 1446 ||| READING scroll labelled SYRPHOE LOAT.
  1454 | D:2      | Became a worshipper of Warmaster Okawaru
  1455 | D:2      | 1455 ||| PLANNING D:1-11
  1637 | D:3      | Noticed a phantom
  1666 | D:3      | Killed a phantom
  1667 | D:3      | Reached skill level 4 in Ranged Weapons
  1667 | D:3      | Reached XP level 4. HP: 9/26 MP: 5/5
  1867 | D:3      | Reached XP level 5. HP: 20/30 MP: 6/6
  2100 | D:3      | Reached * piety under Okawaru
  2263 | D:3      | Identified the +6 dagger of Quantum Leap {venom, Fly}
  2284 | D:3      | Found a sacrificial altar of Ru.
  2286 | D:3      | Found a broken altar of Ashenzari.
  2286 | D:3      | Found a shimmering altar of Xom.
  2299 | D:3      | Noticed Sigmund
  2300 | D:3      | 2300 ||| INVOKING Heroism.
  2311 | D:3      | Killed Sigmund
  2312 | D:3      | Reached skill level 6 in Ranged Weapons
  2312 | D:3      | Reached XP level 6. HP: 21/35 MP: 5/7
  2375 | D:3      | 2375 ||| INVOKING Heroism.
  2387 | D:3      | 2387 ||| FLEEEEING.
  2388 | D:3      | 2388 ||| FLEEEEING.
  2389 | D:3      | 2389 ||| FLEEEEING.
  2390 | D:3      | 2390 ||| FLEEEEING.
  2391 | D:3      | 2391 ||| FLEEEEING.
  2392 | D:3      | 2392 ||| FLEEEEING.
  2393 | D:3      | 2393 ||| FLEEEEING.
  2394 | D:3      | 2394 ||| FLEEEEING.
  2398 | D:3      | 2398 ||| FLEEEEING.
  2399 | D:3      | 2399 ||| FLEEEEING.
  2400 | D:3      | 2400 ||| FLEEEEING.
  2401 | D:3      | 2401 ||| FLEEEEING.
  2402 | D:3      | 2402 ||| FLEEEEING.
  2403 | D:3      | 2403 ||| FLEEEEING.
  2410 | D:3      | 2410 ||| INVOKING Heroism.
  2417 | D:3      | Reached skill level 1 in Invocations
  2609 | D:3      | 2609 ||| UPGRADING to +1 pair of boots.
  2614 | D:3      | 2614 ||| UPGRADING to ring of protection from fire.
  2615 | D:3      | 2615 ||| UPGRADING to ring of willpower.
  2616 | D:3      | 2616 ||| READING scroll labelled CEUSOSULIN.
  2619 | D:3      | 2619 ||| READING scroll labelled MEYKES RAMIYP.
  2620 | D:3      | 2620 ||| READING scroll labelled YTO YT UCUQ.
  2633 | D:4      | 2633 ||| PLANNING SEWER
  2636 | D:4      | Noticed a black bear
  2637 | D:4      | 2637 ||| INVOKING Heroism.
  2648 | D:4      | 2648 ||| INVOKING Heroism.
  2653 | D:4      | Killed a black bear
  2654 | D:4      | Reached skill level 3 in Fighting
  2807 | D:4      | Reached XP level 7. HP: 42/42 MP: 8/8
  3127 | D:4      | 3127 ||| INVOKING Heroism.
  3260 | D:4      | Found a transporter.
  3337 | D:4      | 3337 ||| RIP SEWER
  3357 | D:4      | 3357 ||| PLANNING D:1-11
  3357 | D:4      | 3357 ||| FLEEEEING.
  3361 | D:4      | 3361 ||| FLEEEEING.
  3362 | D:4      | 3362 ||| FLEEEEING.
  3363 | D:4      | 3363 ||| FLEEEEING.
  3364 | D:4      | 3364 ||| FLEEEEING.
  3365 | D:4      | 3365 ||| FLEEEEING.
  3366 | D:4      | 3366 ||| STAIRDANCE
  3375 | D:3      | 3375 ||| READING scroll labelled KUENEB ZEST.
  3376 | D:3      | 3376 ||| DRINKING 2 clear potions.
  3546 | D:4      | Found a transporter.
  3549 | D:4      | Noticed qw's ghost (amateur DEHu)
  3580 | D:4      | Identified the +4 war axe "Xamoosej" {heavy, rF+ rC++}
  3669 | D:4      | Reached skill level 3 in Invocations
  3949 | D:4      | 3949 ||| UPGRADING to +5 ring of evasion.
  3951 | D:4      | 3951 ||| UPGRADING to ring of protection from fire.
  4012 | D:5      | Entered Level 5 of the Dungeon
  4062 | D:5      | Found a staircase to the Ecumenical Temple.
  4133 | D:5      | 4133 ||| Stepping ~*~*~tactically~*~*~ (outnumbered).
  4150 | D:5      | Reached XP level 8. HP: 39/48 MP: 10/10
  4249 | D:5      | Reached skill level 7 in Ranged Weapons
  4312 | D:5      | 4312 ||| INVOKING Heroism.
  4673 | D:5      | Noticed Blork the orc
  4674 | D:5      | 4674 ||| INVOKING Heroism.
  4685 | D:5      | Killed Blork the orc
  4904 | D:5      | 4904 ||| READING 2 scrolls labelled COPULO HUIM.
  4905 | D:5      | 4905 ||| READING scroll of enchant weapon.
  4905 | D:5      | 4905 ||| ENCHANTING +2 sling.
  4906 | D:5      | 4906 ||| READING 3 scrolls of identify.
  4906 | D:5      | 4906 ||| IDENTIFYING blue potion
  4907 | D:5      | 4907 ||| READING 2 scrolls of identify.
  4907 | D:5      | 4907 ||| IDENTIFYING fizzy yellow potion
  4908 | D:5      | 4908 ||| DROPPING potion of degeneration.
  4973 | D:6      | 4973 ||| INVOKING Heroism.
  5083 | D:6      | 5083 ||| SWAPPING to +2 shortbow of flaming.
  5084 | D:6      | 5084 ||| DROPPING +3 sling.
  5100 | D:6      | 5100 ||| SWAPPING to +0 arbalest.
  5101 | D:6      | 5101 ||| DROPPING +2 shortbow of flaming.
  5224 | D:6      | Found a runed translucent door.
  5225 | D:6      | Noticed Crazy Yiuf
  5274 | D:6      | Reached skill level 8 in Ranged Weapons
  5404 | D:6      | 5404 ||| INVOKING Heroism.
  5445 | D:6      | 5445 ||| FLEEEEING.
  5446 | D:6      | 5446 ||| FLEEEEING.
  5502 | D:6      | 5502 ||| FLEEEEING.
  5508 | D:6      | 5508 ||| FLEEEEING.
  5509 | D:6      | 5509 ||| FLEEEEING.
  5511 | D:6      | 5511 ||| FLEEEEING.
  5512 | D:6      | 5512 ||| FLEEEEING.
  5513 | D:6      | 5513 ||| FLEEEEING.
  5514 | D:6      | 5514 ||| FLEEEEING.
  5515 | D:6      | 5515 ||| DRINKING 3 potions of curing.
  5515 | D:6      | 5515 ||| (to cure confusion)
  5516 | D:6      | 5516 ||| FLEEEEING.
  5657 | D:6      | 5657 ||| Stepping ~*~*~tactically~*~*~ (outnumbered).
  5845 | D:6      | Noticed a troll
  5846 | D:6      | 5846 ||| INVOKING Heroism.
  5858 | D:6      | Killed a troll
  5859 | D:6      | Reached skill level 9 in Ranged Weapons
  5859 | D:6      | Reached XP level 9. HP: 18/54 MP: 12/12
  6095 | D:6      | Found a basalt altar of Yredelemnul.
  6157 | D:6      | 6157 ||| INVOKING Heroism.
  6363 | D:6      | 6363 ||| UPGRADING to +0 troll leather armour.
  6373 | D:6      | 6373 ||| DROPPING +0 ring mail.
  6374 | D:6      | 6374 ||| READING scroll labelled DUXZENUWUUL.
  6375 | D:6      | 6375 ||| DRINKING 2 metallic ruby potions.
  6376 | D:6      | 6376 ||| DRINKING 2 potions of curing.
  6376 | D:6      | 6376 ||| (to cure confusion)
  6377 | D:6      | 6377 ||| DROPPING potion of ambrosia.
  6473 | D:7      | Reached skill level 6 in Fighting
  6478 | D:7      | Reached ** piety under Okawaru
  6557 | D:7      | 6557 ||| INVOKING Heroism.
  6682 | D:7      | Reached skill level 10 in Ranged Weapons
  6700 | D:7      | 6700 ||| INVOKING Heroism.
  6783 | D:7      | Reached skill level 3 in Dodging
  6900 | D:7      | 6900 ||| INVOKING Heroism.
  6992 | D:7      | Noticed Pikel
  6993 | D:7      | 6993 ||| INVOKING Heroism.
  6999 | D:7      | Killed Pikel
  7066 | D:7      | 7066 ||| INVOKING Heroism.
  7079 | D:7      | 7079 ||| FLEEEEING.
  7294 | D:7      | 7294 ||| READING 2 scrolls labelled AZUJIEMOPPU.
  7295 | D:7      | 7295 ||| DROPPING scroll of fear.
  7317 | D:8      | Reached XP level 10. HP: 64/64 MP: 13/13
  7440 | D:8      | 7440 ||| INVOKING Heroism.
  7446 | D:8      | HP: 7/64 [komodo dragon (16)]
  7447 | D:8      | 7447 ||| READING 4 scrolls of teleportation.
  7448 | D:8      | 7448 ||| DRINKING potion of heal wounds.
  7451 | D:8      | 7451 ||| FLEEEEING.
  7484 | D:8      | 7484 ||| INVOKING Heroism.
  7492 | D:8      | Reached skill level 11 in Ranged Weapons
  7501 | D:8      | Reached skill level 3 in Armour
  7546 | D:8      | Noticed a centaur warrior
  7548 | D:8      | Killed an unseen horror
  7548 | D:8      | Reached *** piety under Okawaru
  7549 | D:8      | 7549 ||| INVOKING Heroism.
  7549 | D:8      | HP: 9/64 [centaur warrior/arrow (17)]
  7550 | D:8      | 7550 ||| READING 3 scrolls of teleportation.
  7550 | D:8      | Shot with an arrow by a centaur warrior

Levels and vault maps discovered:
D:1:      dpeg_arrival_tiny_f, layout_basic, serial_shops,
          nicolae_shop_getting_attention
D:2:      layout_basic, basic_altar, kennysheep_generic_room_13
D:3:      layout_loops_ring, nicolae_overflow_hidden_temple,
          minmay_misc_feat_columns, nicolae_titane, uniq_sigmund
D:4:      layout_layer_cave, gammafunk_ghost_mausoleum, portal_sewer_entry_d
D:5:      layout_loops_ring, minmay_temple_entry_glass, uniq_blork_the_orc
D:6:      layout_loops_ring, mainiacjoe_overflow_alcove_2,
          uniq_crazy_yiuf_cottage
D:7:      layout_cave_pods, hangedman_decor_slide_cut, sigmund_army, uniq_pikel
D:8:      minmay_the_grid_triangle_9x9_recursive_2
          [minmay_the_grid_triangle_9x9_prize_top_heavy,
          minmay_the_grid_triangle_9x9_alien,
          minmay_the_grid_triangle_9x9_skeleton,
          minmay_the_grid_triangle_9x9_limited_checkers], layout_rooms,
          grunt_decor_mini_mirrors

Skill      XL: |  1  2  3  4  5  6  7  8  9 10 |
---------------+-------------------------------+-----
Ranged Weapons | 3 4 6 9 10 11 | 11.3
Fighting       | 2 3 4 5 8 |  8.3
Armour         | 1 2 3 |  3.6
Invocations    | 1 3 4 |  4.2
Dodging        | 3 |  3.0
Spellcasting   | |  1.0
Hexes          | |  2.6

Action                     |  1- 3 |  4- 6 |  7- 9 | 10-12 || total
---------------------------+-------+-------+-------+-------++-------
   Fire: Sling             |   145 |   113 |   257 |       ||   515
         Arbalest          |       |       |   230 |    42 ||   272
 Invoke: Heroism           |       |     5 |    12 |     3 ||    20
    Use: Scroll            |     5 |     3 |     7 |     2 ||    17
         Potion            |       |       |     4 |     1 ||     5
 Armour: Robe              |     5 |       |       |       ||     5
         Ring mail         |    40 |    36 |   142 |       ||   218
         Troll leather arm |       |       |    16 |    18 ||    34
  Dodge: Dodged            |    45 |    51 |   267 |    28 ||   391

Table legend:
 A = Non-vault XP
 B = Vault XP
 C = Vault XP percentage of total XP
 D = Non-vault monster count
 E = Vault monster count
 F = Vault count percentage of total count
                 A         B        C        D         E       F
            +---------+---------+-------+---------+---------+-------
      Total |    3786 |    2577 |  40.5 |     148 |      20 |  11.9
            +---------+---------+-------+---------+---------+-------
        D:1 |      22 |       0 |   0.0 |      14 |       0 |   0.0
        D:2 |      35 |       2 |   5.4 |      12 |       1 |   7.7
        D:3 |     200 |     223 |  52.7 |      19 |       1 |   5.0
        D:4 |     545 |      14 |   2.5 |      21 |       1 |   4.5
        D:5 |     429 |      99 |  18.8 |      21 |       1 |   4.5
        D:6 |    1032 |       0 |   0.0 |      28 |       0 |   0.0
        D:7 |    1275 |     697 |  35.3 |      29 |       7 |  19.4
        D:8 |     248 |    1542 |  86.1 |       4 |       9 |  69.2
            +---------+---------+-------+---------+---------+-------
